 Dungeon Crawl Stone Soup version 0.23-a0-629-gae4348f (webtiles) character file.

68 Lanoc the Vexing (level 4, -2/33 HPs)
             Began as a Vampire Wanderer on Dec 26, 2018.
             Killed from afar by a raiju (14 damage)
             ... with a living lightning
             ... on level 1 of the Abyss.
             The game lasted 00:08:24 (2652 turns).

Lanoc the Vexing (Vampire Wanderer)                 Turns: 2652, Time: 00:08:24

Health: -2/33      AC:  2    Str: 11    XL:     4   Next: 1%
Magic:  5/5        EV: 11    Int: 15    God:
Gold:   56         SH:  0    Dex: 13    Spells: 2/5 levels left

rFire    . . .     SeeInvis +   e - +0 dagger
rCold    + . .     Gourm    .   (no shield)
rNeg     + + .     Faith    .   d - +0 robe
rPois    +         Spirit   .   (no helmet)
rElec    .         Reflect  .   (no cloak)
rCorr    .         Harm     .   (no gloves)
MR       .....                  (no boots)
Stlth    +++.......             (no amulet)
HPRegen  0.05/turn              (no ring)
MPRegen  0.09/turn              (no ring)

@: regenerating slowly
A: fangs 3, see invisible, unbreathing
a: Bat Form


You were on level 1 of the Abyss.
You were near bloodless.

You visited 1 branch of the dungeon, and saw 2 of its levels.
You visited the Abyss 1 time.

You collected 56 gold pieces.

Inventory:

Hand Weapons
 e - a +0 dagger (weapon)
Armour
 d - a +0 robe (worn)
 g - a +0 cloak
 j - the +5 ring mail of Free Expression {+Inv rC+ rN++ Dex-5, unknown}
   (You found it on level 1 of the Abyss)

   It affects your dexterity (-5).
   It protects you from cold.
   It greatly protects you from negative energy.
   It lets you turn invisible.
Scrolls
 a - a scroll of amnesia {unknown}
 c - 2 scrolls of identify {unknown}
 h - a scroll of enchant weapon {unknown}
 i - a scroll of remove curse {unknown}
Potions
 f - 15 potions of blood


   Skills:
 + Level 2.1 Fighting
 + Level 1.2 Short Blades
   Level 1.0 Axes
 * Level 3.5 Stealth
   Level 1.0 Shields
 + Level 1.0 Spellcasting
 * Level 4.2 Hexes
   Level 3.0 Air Magic


You had 2 spell levels left.
You knew the following spells:

 Your Spells              Type           Power        Failure   Level  Hunger
a - Corona                Hex            ##.....      4%          1    ##.....
b - Ensorcelled Hibernat  Hex/Ice        #.....       16%         2    ###....

Your spell library contained the following spells:

 Spells                   Type           Power        Failure   Level  Hunger
 Searing Ray              Conj           #.....       36%         2    ###....
 Throw Frost              Conj/Ice       #.....       36%         2    ###....
 Confuse                  Hex            ##......     13%         3    ####...
 Tukima's Dance           Hex            ##......     13%         3    ####...
 Dazzling Spray           Conj/Hex       #.....       30%         3    ####...


Dungeon Overview and Level Annotations

Branches:
Dungeon (2/15)

Altars:
Hepliaklqana
Sif Muna

Annotations:
D:2 Crazy Yiuf


Innate Abilities, Weirdness & Mutations

You heal slowly.
You have razor-sharp teeth.
You have supernaturally acute eyesight. (SInv)
You can survive without breathing.


Message History

You feel yourself slow down.
Found a broad axe and a scroll labeled UVVIJA ZONU.
Found a smoking ring mail and a scroll labeled JAODIH UVAH.
A great orb of eyes comes into view.
You see here a scroll labeled UVVIJA ZONU.
c - 2 scrolls labeled UVVIJA ZONU (gained 1)
You see here a smoking ring mail.
j - a smoking ring mail
Found a ration.
A neqoxec and a raiju come into view.
As you read the scroll labeled FOOQYUTZIL, it crumbles to dust.
You feel strangely unstable.
You feel the power of the Abyss delaying your translocation!
It was a scroll of teleportation.
The raiju barks!
As you read the scroll of teleportation, it crumbles to dust.
You feel strangely stable.
The raiju bursts into living lightning!
The living lightning hits you!
You die...

.......#..#.#........
...#.. h.X...........
...#..#.##.#........)
.##.#..#h..#.........
.#...##...##...##.##.
.#..#.##.#.#.....##
.#....h.###....#....
......##.#...#..#.
... ##.#..
#.@....#..... #..##
#....###..
#..##.#.... ..... #.#
####.. ... .. .#.# ..
#### ≈##


You could see a raiju.

Vanquished Creatures
  An adder (D:2)
  An ooze (D:2)
  A dart slug (D:1)
  A leopard gecko (D:2)
  5 giant cockroaches
  4 goblins
  5 hobgoblins
  4 jackals (D:1)
  8 kobolds
  A quokka (D:2)
  A ball python (D:1)
  5 bats
  8 frilled lizards
  6 rats
51 creatures vanquished.

Notes
Turn   | Place    | Note
-------+----------+-------------------------------------------
     0 | D:1      | Lanoc the Vampire Wanderer began the quest for the Orb.
     0 | D:1      | Lanoc set off with the following items: a potion of
                  | lignification, a +0 robe, a +0 dagger, a potion of blood;
                  | and the following spell memorised: Corona; and the
                  | following spells available to memorise: Ensorcelled
                  | Hibernation, Confuse, Tukima's Dance, Searing Ray, Throw
                  | Frost, Dazzling Spray
     0 | D:1      | Reached XP level 1. HP: 16/16 MP: 1/1
   314 | D:1      | Reached XP level 2. HP: 22/22 MP: 2/2
  1180 | D:1      | Reached XP level 3. HP: 24/27 MP: 3/3
  1451 | D:2      | Found a hazy altar of Hepliaklqana.
  1500 | D:2      | Learned a level 2 spell: Ensorcelled Hibernation
  1528 | D:2      | Found a runed door.
  1630 | D:2      | Found a deep blue altar of Sif Muna.
  1748 | D:2      | Reached skill level 4 in Hexes
  1773 | D:2      | Reached skill level 1 in Short Blades
  1858 | D:2      | HP: 1/27 [adder (5)]
  2156 | D:2      | Reached skill level 1 in Spellcasting
  2472 | D:2      | Reached XP level 4. HP: 33/33 MP: 5/5
  2553 | D:2      | Noticed Crazy Yiuf
  2557 | D:2      | Paralysed by Crazy Yiuf for 2 turns
  2559 | D:2      | Cast into level 1 of the Abyss (Crazy Yiuf)
  2589 | Abyss:1  | Noticed a starcursed mass
  2626 | Abyss:1  | Noticed a great orb of eyes
  2633 | Abyss:1  | Got a smoking ring mail
  2634 | Abyss:1  | Noticed a large abomination
  2637 | Abyss:1  | Noticed a neqoxec
  2637 | Abyss:1  | Noticed a raiju
  2652 | Abyss:1  | Killed from afar by a raiju

Vault maps used:
D:1:      psy_arrival_conway, serial_bayou_lagoon_a, serial_bayou_lake_a
D:2:      old_standard_altar, marbit_many_paths, first_ration,
          uniq_crazy_yiuf_cottage
Abyss:1:  hangedman_illusive_loot

Skill      XL: |  1  2  3 |
---------------+----------+-----
Stealth        | 2 3 |  3.5
Fighting       | 2 |  2.1
Hexes          | 4 |  4.2
Short Blades   | 1 |  1.2
Spellcasting   | 1 |  1.0
Axes           | |  1.0
Shields        | |  1.0
Air Magic      | |  3.0

Action                   |  1- 3 |  4- 6 || total
-------------------------+-------+-------++-------
Melee: Dagger            |   218 |     2 ||   220
       Bite              |    16 |       ||    16
 Cast: Ensorcelled Hiber |     4 |       ||     4
       Corona            |     1 |       ||     1
  Use: Potion            |     5 |     1 ||     6
       Scroll            |       |     2 ||     2
 Stab: Sleeping          |    14 |     1 ||    15
       Distracted        |     1 |       ||     1
Armor: Skin              |    50 |       ||    50
       Robe              |    45 |       ||    45
Dodge: Dodged            |   120 |       ||   120

Table legend:
 A = Non-vault XP
 B = Vault XP
 C = Vault XP percentage of total XP
 D = Non-vault monster count
 E = Vault monster count
 F = Vault count percentage of total count
                 A         B        C        D         E       F
            +---------+---------+-------+---------+---------+-------
      Total |      96 |       2 |   2.0 |      50 |       1 |   2.0
            +---------+---------+-------+---------+---------+-------
        D:1 |      43 |       0 |   0.0 |      27 |       0 |   0.0
        D:2 |      53 |       2 |   3.6 |      23 |       1 |   4.2
            +---------+---------+-------+---------+---------+-------
